 Dungeon Crawl Stone Soup version 0.28.0-53-g5a82cb258f (webtiles) character file.

Game seed: 4350204582804625560

7217 leafyfresh the Nimble (level 11, -18/104 HPs)
             Began as a Merfolk Transmuter on June 10, 2022.
             Was an Elder of Cheibriados.
             Demolished by an orc warlord
             ... wielding a +1 vampiric war axe
              (39 damage)
             ... in a bailey.
             The game lasted 00:41:03 (17725 turns).

leafyfresh the Nimble (Merfolk Transmuter)         Turns: 17725, Time: 00:41:04

Health: -18/104    AC:  8    Str: 21    XL:     11   Next: 11%
Magic:  14/16      EV: 20    Int: 22    God:    Cheibriados [****..]
Gold:   342        SH:  0    Dex: 29    Spells: 5/17 levels left

rFire   x . .      SeeInvis .     - Unarmed
rCold   + + +      Faith    .   (shield currently unavailable)
rNeg    . . .      Spirit   .   (armour currently unavailable)
rPois   +          Reflect  .   (helmet currently unavailable)
rElec   .          Harm     .   (cloak currently unavailable)
rCorr   .          Rampage  .   (gloves currently unavailable)
Will    +....                   (boots currently unavailable)
Stlth   +++.......              e - amulet of the acrobat
HPRegen 0.27/turn               A - ring of wizardry
MPRegen 0.15/turn               E - ring of willpower

@: ice-form, very slow
A: freezing attack, boosted hp, large, (nimble swimmer 2), (mertail)
a: End Transformation, Renounce Religion, Bend Time, Temporal Distortion, Slouch


You were in a bailey.
You worshipped Cheibriados.
Cheibriados was greatly pleased with you.
You were a creature of crystalline ice.
You visited 1 branch of the dungeon, and saw 9 of its levels.
You also visited: Bailey.

You collected 342 gold pieces.

Inventory:

Hand Weapons
 w - the +3 shortbow of Hoseosowiu {freeze, rF+++ rCorr Int-4 Dex-4}
   (You found it on level 4 of the Dungeon)

   Any ammunition fired from it freezes those it strikes, dealing additional
   cold damage.
   It can also slow down cold-blooded creatures.
   Int:       It affects your intelligence (-4).
   Dex:       It affects your dexterity (-4).
   rF:        It renders you almost immune to fire.
   rCorr:     It protects you from acid and corrosion.
Missiles
 c - 42 sling bullets
 f - 48 poisoned darts (quivered)
 g - 2 throwing nets
Armour
 a - a +0 robe (melded)
 d - a +0 pair of gloves (melded)
 t - a +0 pair of boots (melded)
 B - a +2 cloak (melded)
 G - +0 acid dragon scales
Jewellery
 e - an amulet of the acrobat (around neck)
 A - a ring of wizardry (left front paw)
 E - a ring of willpower (right front paw)
Wands
 p - a wand of paralysis (9)
 x - a wand of flame (33)
Scrolls
 b - a scroll of amnesia
 h - a scroll of blinking {unknown}
 i - 2 scrolls of silence
 m - a scroll of teleportation
 n - a scroll of immolation
 o - a scroll of vulnerability
 s - a scroll of holy word
 I - a scroll of fear {unknown}
 J - a scroll of brand weapon {unknown}
Potions
 j - a potion of lignification
 k - a potion of cancellation
 l - a potion of ambrosia {unknown}
 q - a potion of might
 r - a potion of haste {unknown}
 u - 3 potions of invisibility {unknown}
 z - a potion of degeneration {unknown}
 C - a potion of magic {unknown}
 D - 2 potions of curing
 F - a potion of flight {unknown}
 H - a potion of attraction {unknown}
Miscellaneous
 y - a condenser vane (inert)


   Skills:
 + Level 8.9 Fighting
 + Level 10.8 Dodging
 - Level 3.1 Stealth
 + Level 10.1 Unarmed Combat
 - Level 3.6 Spellcasting
 - Level 9.6 Transmutations
 - Level 2.5 Invocations


You had 5 spell levels left.
You knew the following spells:

 Your Spells              Type           Power      Damage    Failure   Level
a - Beastly Appendage     Tmut           92%        N/A       1%          1
b - Spider Form           Tmut/Pois      25%        N/A       1%          3
c - Blink                 Tloc           8%         N/A       7%          2
d - Passwall              Tmut/Erth      20%        N/A       1%          2
e - Ice Form              Ice/Tmut       25%        N/A       6%          4

Your spell library contained the following spells:

 Spells                   Type           Power      Damage    Failure   Level
 Wereblood                Tmut           46%        N/A       1%          2
 Animate Skeleton         Necr           8%         N/A       4%          1
 Pain                     Necr           16%        1d4       4%          1
 Sandblast                Erth           8%         2d5       4%          1
 Scorch                   Fire           8%         2d5       7%          2
 Dazzling Flash           Conj/Hex       8%         N/A       14%         3
 Lesser Beckoning         Tloc           4%         N/A       14%         3
 Stone Arrow              Conj/Erth      8%         3d7       14%         3
 Vampiric Draining        Necr           4%         2d6       14%         3
 Flame Wave               Conj/Fire      4%         2d5       41%         4
 Iskenderun's Mystic Bla  Conj/Tloc      4%         2d3       41%         4
 Manifold Assault         Tloc           4%         N/A       75%         5
 Starburst                Conj/Fire      2%         6d3       99%         6
 Summon Cactus Giant      Summ           2%         N/A       99%         6


Dungeon Overview and Level Annotations

Branches:
Dungeon (9/15)             Temple (0/1) D:6          Bailey (1/1)
   Lair: D:8-11         Orc: D:9-12

Altars:
Ashenzari
Cheibriados
Elyvilon
Gozag
Kikubaaqudgha
Ru
Sif Muna
Vehumet
Xom
Yredelemnul
The Shining One

Shops:
D:7 [


Innate Abilities, Weirdness & Mutations

You are a creature of crystalline ice.
You have a powerful freezing melee attack.
Your maximum health is increased.
Your armour is entirely melded.
You are incapable of wielding weapons or throwing items.
((You are very nimble when in or above water. (Stealth+, EV+, Speed+++)))
((Your lower body shifts to a powerful aquatic tail in water.))


Message History

Items here: $ ) ? [ †.
You punch the orc warlord! You freeze the orc warlord.
The orc warlord is lightly wounded.
The orc warlord hits you with a +1 vampiric war axe!!
* * * LOW HITPOINT WARNING * * *
The orc warlord draws strength from your wounds!
Unknown command.
You feel much better. The orc warlord completely misses you.
A hobgoblin comes into view. It is wielding a +0 war axe.
Unknown command.
Clouds of noxious fumes condense around you!
The condenser dries out!
The orc warrior is engulfed in noxious fumes.
The orc warrior appears confused.
The orc warrior closely misses the orc warlord.
The goblin is engulfed in noxious fumes.
The goblin appears confused.
The orc warlord is engulfed in noxious fumes.
The orc warlord appears confused.
The orc warlord hits you with a +1 vampiric war axe!!!
* * * LOW HITPOINT WARNING * * *
The hobgoblin is engulfed in noxious fumes.
The hobgoblin appears confused.
The hobgoblin is engulfed in noxious fumes.
The hobgoblin appears confused.
The orc warrior is engulfed in noxious fumes.
The orc warrior appears confused.
The orc warrior is engulfed in noxious fumes.
The orc warrior appears confused.
You hear a shout! x2
You feel better.
You hear a shout! x2
The orc warrior is engulfed in noxious fumes.
The orc warrior appears confused.
The goblin is engulfed in noxious fumes.
The goblin appears confused.
The goblin hits the orc warrior with a +0 hand axe.
The orc warlord is engulfed in noxious fumes.
The orc warlord hits you with a +1 vampiric war axe!!!
You die...

#...........#.........
#...........#.........
###.........###.......)
###.#'#.....###.###.....#
###....)###.###...
###.### #.........###
.... ###.. ..........8#
§.... #...
?.......))8#og§... #...
∩....⌠...)Yooo§... #)..
?.........8#§§g... #...
..........8##§§... #...
#.........## ..... ##..
###...§§### #... ###
###.#g# ##. # ###. .


You could see an orc warlord (strong, confused), 3 orc warriors, 2 hobgoblins
and a goblin (confused).

Vanquished Creatures
  3 orc knights (Bailey)
  Maggie (D:6)
  9 yaks (D:8)
  A wyvern (D:6)
  Eustachio (D:4)
  Menkaure (D:6)
  3 acid dragons
  Duvessa (D:7)
  2 hornet zombies (D:6)
  7 orc warriors
  A black bear (D:6)
  2 centaurs
  3 kobold brigands
  A phantom (D:6)
  A scorpion (D:6)
  Dowan (D:7)
  10 killer bees
  6 wights
  3 bullfrog zombies
  2 centaur zombies
  4 howler monkeys
  4 hounds
  2 jellies (D:6)
  2 orc priests
  A centaur skeleton (D:7)
  2 gnoll shamans (D:3)
  An iguana (D:7)
  6 orc wizards
  A hound zombie (D:5)
  A hound skeleton (D:4)
  20 gnolls
  7 adders
  2 shadow imps (D:6)
  6 worms
  A dart slug (D:5)
  37 orcs
  6 endoplasms
  2 giant cockroaches
  14 goblins
  8 hobgoblins
  18 jackals
  20 kobolds
  3 quokkas
  5 ball pythons
  6 bats
  4 frilled lizards
  A quokka skeleton (D:4)
  10 rats
253 creatures vanquished.

Vanquished Creatures (others)
  12 fungi (D:9)
  3 plants
15 creatures vanquished.

Grand Total: 268 creatures vanquished

Notes
Turn   | Place    | Note
-------+----------+-------------------------------------------
     0 | D:1      | leafyfresh the Merfolk Transmuter began the quest for the
                  | Orb.
     0 | D:1      | Reached XP level 1. HP: 15/15 MP: 3/3
   540 | D:1      | Reached XP level 2. HP: 21/21 MP: 5/5
  1512 | D:1      | Reached XP level 3. HP: 26/26 MP: 4/6
  1607 | D:1      | Learned a level 3 spell: Spider Form
  2077 | D:2      | Reached skill level 5 in Transmutations
  2451 | D:2      | Reached XP level 4. HP: 23/32 MP: 3/7
  3801 | D:2      | Reached XP level 5. HP: 36/37 MP: 4/8
  5664 | D:3      | Learned a level 2 spell: Blink
  5968 | D:3      | Reached XP level 6. HP: 36/43 MP: 6/9
  6039 | D:3      | Identified the +4 dagger "Beastslayer" {vorpal, rElec}
  6573 | D:3      | Reached XP level 7. HP: 42/48 MP: 4/10
  7534 | D:3      | HP: 1/48 [gnoll/+0 whip (5)]
  8438 | D:4      | Found an opulent altar of Gozag.
  8576 | D:4      | Noticed Eustachio
  8780 | D:3      | Learned a level 2 spell: Passwall
  8847 | D:4      | Reached skill level 5 in Unarmed Combat
  8850 | D:5      | Entered Level 5 of the Dungeon
  9230 | D:5      | Found a shimmering altar of Xom.
  9230 | D:5      | Found a broken altar of Ashenzari.
  9230 | D:5      | Found a white marble altar of Elyvilon.
  9231 | D:5      | Found a glowing golden altar of the Shining One.
  9231 | D:5      | Found a radiant altar of Vehumet.
  9232 | D:5      | Found a shimmering blue altar of Sif Muna.
  9232 | D:5      | Found a snail-covered altar of Cheibriados.
  9233 | D:5      | Found a sacrificial altar of Ru.
  9240 | D:5      | Became a worshipper of Cheibriados the Contemplative
  9604 | D:6      | Reached XP level 8. HP: 36/57 MP: 8/11
  9950 | D:6      | Found a basalt altar of Yredelemnul.
  9955 | D:6      | Found an ancient bone altar of Kikubaaqudgha.
  9955 | D:6      | Noticed Menkaure
 10459 | D:4      | Killed Eustachio
 10864 | D:4      | Identified the +3 shortbow of Hoseosowiu {freeze, rF+++
                  | rCorr Int-4 Dex-4}
 10942 | D:6      | Reached skill level 5 in Dodging
 11222 | D:6      | Noticed a wyvern
 11252 | D:6      | Found a staircase to the Ecumenical Temple.
 12008 | D:6      | Found a transporter.
 12010 | D:6      | Found a transporter.
 12034 | D:6      | Killed a wyvern
 12094 | D:6      | Noticed Maggie
 12116 | D:6      | Killed Maggie
 12116 | D:6      | Reached * piety under Cheibriados
 12117 | D:6      | Reached XP level 9. HP: 46/67 MP: 13/13
 12531 | D:6      | Learned a level 4 spell: Ice Form
 12590 | D:6      | Reached skill level 5 in Fighting
 13067 | D:6      | Killed Menkaure
 13572 | D:7      | Reached skill level 1 in Stealth
 13888 | D:7      | Reached skill level 1 in Invocations
 13893 | D:7      | Reached ** piety under Cheibriados
 13949 | D:7      | Found Ewyr's Antique Armour Boutique.
 14814 | D:7      | Noticed Duvessa
 14814 | D:7      | Noticed Dowan
 14822 | D:7      | Killed Duvessa
 14826 | D:7      | Killed Dowan
 15297 | D:8      | Reached XP level 10. HP: 72/76 MP: 8/15
 15421 | D:8      | Noticed a two-headed ogre
 15794 | D:8      | Reached *** piety under Cheibriados
 17242 | D:9      | Found a flagged portal.
 17252 | D:9      | Reached **** piety under Cheibriados
 17262 | Bailey   | Entered a bailey
 17349 | Bailey   | Noticed an orc knight
 17364 | Bailey   | Killed an orc knight
 17365 | Bailey   | Reached skill level 10 in Dodging
 17600 | Bailey   | Noticed an orc knight
 17610 | Bailey   | Killed an orc knight
 17611 | Bailey   | Reached XP level 11. HP: 87/87 MP: 12/16
 17655 | Bailey   | Reached skill level 10 in Unarmed Combat
 17707 | Bailey   | Noticed an orc warlord
 17708 | Bailey   | Noticed an orc knight
 17720 | Bailey   | Killed an orc knight
 17725 | Bailey   | Demolished by an orc warlord

Illustrated notes

Levels and vault maps discovered:
D:1:      beargit_arrival_greenhouse, layout_loops_ring
D:2:      minmay_evil_eye, layout_loops_cross, nrook_mini_vaults
D:3:      lemuel_castle_with_subvaults [lemuel_castle_interior_carwin_2],
          layout_rooms
D:4:      layout_cave_pools, grunt_gozag_statues,
          minmay_fractal_squares_diagonal_5, uniq_eustachio
D:5:      layout_basic, grunt_temple_overflow_open
D:6:      layout_loops_corners, gammafunk_temple_of_torment, temple_doors_e,
          minmay_misc_feat_x, uniq_maggie
D:7:      layout_basic, serial_shops, nicolae_shop_trees, uniq_duvessa
D:8:      layout_gridville
D:9:      layout_basic, nicolae_hepliaklqana_hippocampus, fedhas_altar_3,
          serial_glass, glass_columns_a, glass_columns_a, feat_on_display,
          enter_bailey_6
Bailey:   bailey_axe_minmay_hex_keep, bailey

Skill      XL: |  1  2  3  4  5  6  7  8  9 10 11 |
---------------+----------------------------------+-----
Transmutations | 3 4 5 6 8 9 |  9.6
Unarmed Combat | 5 7 8 9 10 | 10.1
Dodging        | 3 6 7 10 | 10.8
Fighting       | 2 4 6 8 |  8.9
Spellcasting   | 3 |  3.6
Stealth        | 3 |  3.1
Invocations    | 2 |  2.5

Action                   |  1- 3 |  4- 6 |  7- 9 | 10-12 || total
-------------------------+-------+-------+-------+-------++-------
Melee: Unarmed           |   131 |   182 |   380 |   166 ||   859
       Headbutt          |    12 |     4 |     5 |       ||    21
       Punch             |     4 |       |     1 |       ||     5
       Tailslap          |       |     1 |       |       ||     1
Throw: Dart              |       |       |    12 |       ||    12
 Cast: Beastly Appendage |    19 |     2 |     4 |       ||    25
       Spider Form       |     3 |    27 |    42 |       ||    72
       Ice Form          |       |       |     6 |    14 ||    20
 Abil: End Transformatio |       |       |     1 |       ||     1
Evoke: Wand              |       |       |     1 |       ||     1
       Condenser vane    |       |       |       |     1 ||     1
  Use: Scroll            |       |       |     7 |     3 ||    10
       Potion            |       |       |     4 |     2 ||     6
 Stab: Sleeping          |     3 |     2 |     2 |     1 ||     8
       Distracted        |       |       |     2 |     2 ||     4
Armor: Robe              |    23 |     6 |     5 |     1 ||    35
       Skin              |       |     6 |    29 |    28 ||    63
Dodge: Dodged            |   109 |   168 |   369 |   142 ||   788
